 Dungeon Crawl Stone Soup version 0.24.0-13-gcf9b3192b9 (webtiles) character file.

Game seed: 18367816053823746421, levelgen mode: deterministic

15240 Curus the Basher (level 11, -5/102 HPs)
             Began as a Minotaur Monk on Nov 5, 2019.
             Was the Champion of Makhleb.
             Killed by the air
             ... invoked by Gastronok
              (10 damage)
             ... on level 2 of the Lair of Beasts.
             The game lasted 00:48:24 (8679 turns).

Curus the Basher (Minotaur Monk)                    Turns: 8679, Time: 00:48:24

Health: -5/102     AC: 12    Str: 16    XL:     11   Next: 99%
Magic:  0/14       EV: 17    Int:  7    God:    Makhleb [******]
Gold:   579        SH:  5    Dex: 16    Spells: 10/10 levels left

rFire    . . .     SeeInvis +   o - +3 flail (crush)
rCold    + . .     Gourm    .   d - +0 buckler
rNeg     . . .     Faith    .   i - +0 ring mail
rPois    .         Spirit   +   m - +1 hat
rElec    .         Reflect  .   D - +0 cloak
rCorr    .         Harm     .   F - -1 pair of gloves (curse)
MR       .....                  h - +0 pair of boots
Stlth    +.........             y - amulet of guardian spirit
HPRegen  0.27/turn              w - ring of see invisible
MPRegen  0.14/turn              n - +4 ring of protection

@: slowed, very slow
A: retaliatory headbutt, horns 2, talons 1, cold resistance 1
a: Minor Destruction, Lesser Servant of Makhleb, Major Destruction, Greater
Servant of Makhleb, Renounce Religion


You were on level 2 of the Lair of Beasts.
You worshipped Makhleb.
Makhleb was exalted by your worship.
You were hungry.

You visited 2 branches of the dungeon, and saw 12 of its levels.

You collected 579 gold pieces.

Inventory:

Hand Weapons
 a - a +1 mace
 o - a +3 flail of crushing (weapon)
Armour
 b - a +0 robe
 d - a +0 buckler (worn)
 h - a +0 pair of boots (worn)
 i - a +0 ring mail (worn)
 m - a +1 hat (worn)
 D - a +0 cloak (worn)
 F - a cursed -1 pair of gloves (worn)
Jewellery
 e - a +3 ring of protection
 f - a +1 ring of evasion
 n - a +4 ring of protection (right hand)
 q - an uncursed ring of fire
 s - an uncursed ring of magical power
 t - a -4 ring of dexterity
 v - an uncursed ring of teleportation
 w - a ring of see invisible (left hand)
 y - an amulet of guardian spirit (around neck)
 E - a cursed -3 ring of evasion
Wands
 k - a wand of disintegration (6)
 u - a wand of iceblast (18)
 x - a wand of paralysis (7)
 z - a wand of random effects (22)
 B - a wand of acid (6)
 C - a wand of digging (6)
 J - a wand of flame (14)
Scrolls
 l - 7 scrolls of identify
 p - 3 scrolls of teleportation
 G - a scroll of blinking
 I - a scroll of magic mapping
 N - a scroll of remove curse
Potions
 g - 3 potions of berserk rage
 j - 2 potions of ambrosia
 r - a potion of curing
 A - a potion of resistance
 H - 2 potions of heal wounds
 K - a potion of flight
Comestibles
 c - 24 rations


   Skills:
 - Level 11.0 Fighting
 - Level 14.1 Maces & Flails
 - Level 10.2 Dodging
 - Level 1.5 Stealth
 - Level 4.0 Shields
 + Level 6.6 Invocations
 + Level 5.0 Evocations


You had 10 spell levels left.
You didn't know any spells.
Your spell library contained the following spells:

 Spells                   Type           Power        Failure   Level  Hunger
 Apportation              Tloc           #.....       65%         1    ##.....
 Flame Tongue             Conj/Fire      #....        65%         1    ##.....
 Summon Butterflies       Summ           #.......     65%         1    ##.....
 Throw Flame              Conj/Fire      #.....       80%         2    ###....
 Conjure Flame            Conj/Fire      #.......     95%         3    ####...
 Inner Flame              Hex/Fire       #.......     95%         3    ####...
 Lesser Beckoning         Tloc           #.........   95%         3    ####...
 Tukima's Dance           Hex            #.......     95%         3    ####...
 Sticky Flame             Conj/Fire      #.......     100%        4    #####..
 Alistair's Intoxication  Tmut/Pois      #.......     100%        5    ######.
 Fireball                 Conj/Fire      #.........   100%        5    ######.
 Invisibility             Hex            #.......     100%        6    #######


Dungeon Overview and Level Annotations

Branches:
Dungeon (10/15)            Temple (0/1) D:4            Lair (2/6) D:10
 Shoals (0/4) Lair:2
  Snake: Lair:2-4    Spider: Lair:2-4       Orc: D:9-12

Altars:
Ashenzari
Fedhas
Gozag
Makhleb
Nemelex Xobeh
Okawaru
Qazlal
Sif Muna
Trog
Zin
The Shining One

Shops:
D:8 (

Annotations:
Lair:2 Gastronok


Innate Abilities, Weirdness & Mutations

You reflexively headbutt those who attack you in melee.
You have a pair of horns on your head.
You have sharp toenails.
Your flesh is cold resistant. (rC+)


Message History

A demon appears!
The electric eel shoots out a bolt of lightning at you!
The bolt of electricity hits you.
* * * LOW HITPOINT WARNING * * *
Gastronok waves his eye-stalks in wide circles.
The air twists around and strikes you!
* * * LOW HITPOINT WARNING * * *
Your neqoxec hits Gastronok.
The electric eel shoots out a bolt of lightning at you!
The bolt of electricity hits your neqoxec!
The bolt of electricity misses you. Gastronok barely misses your neqoxec.
Your neqoxec hits Gastronok.
All of the chunks of flesh in your inventory have rotted away.
Gastronok barely misses your neqoxec.
You are feeling hungry.
You thump Gastronok! You headbutt Gastronok.
Gastronok is almost dead.
Gastronok waves his eye-stalks in wide circles.
The air twists around and strikes you!
You die...

##........#..#
#P............
#.............
#P............ . ###
#####........P...
.P##.$##.##..P.#........
.............###P.......
(............# ##P.....#
.......@.....# #....#.#
......w......# ##...###
...P...#.....# #...#
........#....# #....#
.≈;.3...#....# ##...#
≈≈≈.....+....#
≈≈≈.....P....P# ##
≈≈≈.....P......# ...
≈≈≈............. ###


You could see Gastronok, an electric eel and a friendly neqoxec.

Vanquished Creatures
  A two-headed ogre (D:8)
  A spriggan (Lair:2)
  The ghost of diiiiiane the Thaumaturge, a novice DEFE (D:7)
  A komodo dragon (Lair:1)
  A troll (D:9)
  A hornet (Lair:2)
  5 blink frogs (Lair:1)
  3 hippogriffs (D:8)
  17 yaks
  2 humans (D:7)
  2 wyverns
  Grum (D:9)
  A hungry ghost (D:5)
  3 porcupines (Lair:1)
  3 water moccasins
  A hornet zombie (D:9)
  5 orc warriors
  3 black bears
  2 sky beasts
  A phantom (D:4)
  8 ogres
  29 wolves
  4 crocodiles
  7 centaurs
  Blork the orc (D:6)
  6 bullfrogs
  A big kobold (D:9)
  A water moccasin zombie (D:6)
  3 scorpions
  4 killer bees (D:8)
  4 wights (D:9)
  3 howler monkeys (D:7)
  4 crimson imps
  2 jellies
  6 hounds
  7 orc priests
  8 orc wizards
  A bullfrog skeleton (D:7)
  2 centaur skeletons
  Jessica (D:3)
  An iguana (D:4)
  6 worker ants
  A worker ant zombie (D:8)
  A howler monkey zombie (D:9)
  12 adders
  6 gnolls
  2 oozes
  2 adder skeletons
  5 worms
  A dart slug (D:1)
  An adder simulacrum (D:7)
  7 leopard geckos
  37 orcs
  3 giant cockroaches (D:2)
  8 goblins
  9 hobgoblins
  6 quokkas
  5 bats
  3 frilled lizards
  11 kobolds
  2 quokka skeletons
  A quokka zombie (D:6)
  9 rats
296 creatures vanquished.

Vanquished Creatures (collateral kills)
  5 wolves (Lair:2)
5 creatures vanquished.

Grand Total: 301 creatures vanquished

Notes
Turn   | Place    | Note
-------+----------+-------------------------------------------
     0 | D:1      | Curus the Minotaur Monk began the quest for the Orb.
     0 | D:1      | Reached XP level 1. HP: 19/19 MP: 0/0
   184 | D:1      | Reached skill level 4 in Maces & Flails
   245 | D:1      | Reached XP level 2. HP: 23/26 MP: 1/1
   353 | D:1      | Gained mutation: Your body sometimes deteriorates upon
                  | taking damage. [potion of mutation]
   353 | D:1      | Gained mutation: You are partially covered in large bone
                  | plates. (SH +4) [potion of mutation]
   353 | D:1      | Gained mutation: Your body often deteriorates upon taking
                  | damage. [potion of mutation]
   353 | D:1      | Gained mutation: Your flesh is cold resistant. (rC+)
                  | [potion of mutation]
   731 | D:1      | Lost mutation: You are partially covered in large bone
                  | plates. (SH +4) [potion of mutation]
   731 | D:1      | Lost mutation: Your body often deteriorates upon taking
                  | damage. [potion of mutation]
   731 | D:1      | Lost mutation: Your body sometimes deteriorates upon taking
                  | damage. [potion of mutation]
   731 | D:1      | Gained mutation: You have sharp toenails. [potion of
                  | mutation]
   747 | D:2      | Reached skill level 5 in Maces & Flails
   752 | D:2      | Reached XP level 3. HP: 28/31 MP: 2/2
   800 | D:2      | Noticed an Executioner
   803 | D:2      | Found a burning altar of Makhleb.
   805 | D:2      | Found a glowing silver altar of Zin.
   806 | D:2      | Noticed an angel
   809 | D:2      | Became a worshipper of Makhleb the Destroyer
   809 | D:2      | Reached * piety under Makhleb
   809 | D:2      | Reached ** piety under Makhleb
  1200 | D:3      | Reached skill level 6 in Maces & Flails
  1200 | D:3      | Reached XP level 4. HP: 39/39 MP: 3/3
  1526 | D:3      | Reached skill level 7 in Maces & Flails
  1526 | D:3      | Reached XP level 5. HP: 25/45 MP: 4/4
  1537 | D:3      | Noticed Jessica
  1619 | D:3      | Noticed a black bear
  1627 | D:3      | Killed a black bear
  1627 | D:3      | Reached skill level 8 in Maces & Flails
  1627 | D:3      | Reached XP level 6. HP: 46/51 MP: 5/5
  1744 | D:3      | Killed Jessica
  2240 | D:4      | Reached skill level 9 in Maces & Flails
  2256 | D:4      | Reached *** piety under Makhleb
  2285 | D:4      | Reached XP level 7. HP: 38/57 MP: 6/6
  2360 | D:4      | Found a staircase to the Ecumenical Temple.
  2599 | D:4      | Found a sparkling altar of Nemelex Xobeh.
  2599 | D:4      | Found an iron altar of Okawaru.
  2796 | D:4      | Reached skill level 10 in Maces & Flails
  3067 | D:5      | Entered Level 5 of the Dungeon
  3186 | D:5      | Noticed a moth of wrath
  3188 | D:5      | Found a bloodstained altar of Trog.
  3309 | D:5      | Reached skill level 11 in Maces & Flails
  3613 | D:5      | Noticed a hungry ghost
  3614 | D:5      | Found a blossoming altar of Fedhas.
  3625 | D:5      | Killed a hungry ghost
  3625 | D:5      | Reached XP level 8. HP: 64/64 MP: 7/7
  3900 | D:6      | Noticed Blork the orc
  3906 | D:6      | Killed Blork the orc
  3906 | D:6      | Reached skill level 12 in Maces & Flails
  3987 | D:6      | Reached skill level 13 in Maces & Flails
  4201 | D:6      | Reached **** piety under Makhleb
  4238 | D:6      | Found a shimmering blue altar of Sif Muna.
  4381 | D:6      | Reached XP level 9. HP: 64/70 MP: 8/8
  4454 | D:6      | Reached skill level 14 in Maces & Flails
  4461 | D:6      | Found a stormy altar of Qazlal.
  4664 | D:6      | Found a glowing golden altar of the Shining One.
  4853 | D:7      | Reached skill level 5 in Fighting
  4864 | D:7      | Reached skill level 5 in Dodging
  5158 | D:7      | Found a runed translucent gate.
  5158 | D:7      | Found a runed translucent gate.
  5158 | D:7      | Found a runed translucent gate.
  5158 | D:7      | Noticed diiiiiane's ghost (novice DEFE)
  5232 | D:7      | Found an iron altar of Okawaru.
  5459 | D:7      | Reached ***** piety under Makhleb
  5474 | D:7      | Killed diiiiiane's ghost
  5598 | D:8      | Reached XP level 10. HP: 29/88 MP: 4/9
  5915 | D:8      | Noticed a two-headed ogre
  5929 | D:8      | Killed a two-headed ogre
  6166 | D:8      | Found Yfei's Antique Weapon Boutique.
  6328 | D:9      | Reached skill level 10 in Fighting
  6427 | D:9      | Noticed Grum
  6449 | D:9      | Killed Grum
  6459 | D:9      | Found a shattered altar of Ashenzari.
  6473 | D:9      | Reached XP level 11. HP: 59/101 MP: 7/10
  6687 | D:9      | Found an opulent altar of Gozag.
  6754 | D:9      | Reached skill level 10 in Dodging
  6999 | D:10     | Entered Level 10 of the Dungeon
  7370 | D:10     | Found a staircase to the Lair.
  7382 | Lair:1   | Entered Level 1 of the Lair of Beasts
  7437 | Lair:1   | Reached skill level 1 in Shields
  7437 | Lair:1   | Reached skill level 1 in Invocations
  7818 | Lair:1   | Reached skill level 1 in Evocations
  8295 | Lair:1   | Reached ****** piety under Makhleb
  8425 | Lair:2   | Reached skill level 5 in Invocations
  8470 | Lair:2   | Noticed a spriggan rider
  8486 | Lair:2   | Killed a spriggan rider
  8575 | Lair:2   | Found a staircase to the Shoals.
  8662 | Lair:2   | Noticed Gastronok
  8669 | Lair:2   | Reached skill level 5 in Evocations
  8675 | Lair:2   | HP: 3/102 [Gastronok/the air (8)]
  8679 | Lair:2   | Killed from afar by Gastronok

Levels and vault maps discovered:
D:1:      dpeg_chamrin_arrival_tetris, layout_basic
D:2:      layout_basic, grunt_temple_overflow_order_and_chaos_2
D:3:      layout_rooms, serial_co_window_serial, co_window_corner_a,
          co_window_paths_a, co_window_corner_a, co_window_corner_a,
          co_window_corner_a, co_window_paths_b, co_window_paths_a,
          co_window_paths_a, co_window_paths_a, co_window_unsneaky_path_a,
          co_window_broadway_b, co_window_cross_2, co_window_broadway_b,
          co_window_broadway_b, co_window_corner_cb, co_window_4corner_a,
          glass_columns_c, glass_columns_a, glass_columns_c, uniq_jessica
D:4:      minmay_octagon_keep, layout_basic, gammafunk_temple_overflow_wave,
          temple_statues, first_ration
D:5:      layout_basic, tgw_trog, fedhas_bush_and_centaur_altar
D:6:      layout_rooms, lemuel_round_altar, kennysheep_little_box,
          tso_metal_star, uniq_blork_the_orc
D:7:      layout_loops_ring, gammafunk_ghost_necromancy, grunt_ogre_cave,
          okawaru_humans
D:8:      layout_rooms, serial_shops, shop, serial_bayou_pond_e
D:9:      layout_loops_ring, old_standard_altar, overflow_temple_1_default,
          uniq_grum
D:10:     layout_basic, lair_entry_dummy
Lair:1:   layout_cave_pods, lemuel_old_faithful
Lair:2:   layout_chaotic_city, shoals_dummy_entry, spider_nest_entry_webs,
          grunt_forest_large_clearings, lemuel_fruit_tree,
          infiniplex_staircase_pool, uniq_gastronok

Skill      XL: |  1  2  3  4  5  6  7  8  9 10 11 |
---------------+----------------------------------+-----
Maces & Flails | 4 5 6 7 8 9 11 13 14 | 14.1
Fighting       | 7 10 11 | 11.0
Dodging        | 7 9 10 | 10.2
Shields        | 4 |  4.0
Invocations    | 6 |  6.6
Evocations     | 5 |  5.0
Stealth        | |  1.5

Action                   |  1- 3 |  4- 6 |  7- 9 | 10-12 || total
-------------------------+-------+-------+-------+-------++-------
Melee: Mace              |    68 |   100 |    13 |       ||   181
       Headbutt          |    11 |    17 |    71 |    99 ||   198
       Kick              |     4 |       |       |       ||     4
       Flail             |       |       |   349 |   483 ||   832
Invok: Minor Destruction |       |     1 |     2 |     2 ||     5
       Lesser Servant of |       |       |       |     3 ||     3
Evoke: Wand              |       |       |     2 |     1 ||     3
  Use: Scroll            |     4 |     1 |     8 |     5 ||    18
       Potion            |     5 |     3 |     2 |     3 ||    13
 Stab: Sleeping          |     4 |     1 |     1 |     1 ||     7
       Distracted        |       |       |       |     1 ||     1
  Eat: Chunk             |     1 |     3 |     8 |    11 ||    23
       Ration            |       |       |     2 |       ||     2
Armor: Robe              |     9 |       |       |       ||     9
       Ring mail         |    10 |    36 |    92 |   102 ||   240
Dodge: Dodged            |    29 |    44 |   125 |   376 ||   574
Block: Other             |     1 |       |       |       ||     1
       Buckler           |     6 |    13 |    53 |   104 ||   176
